 Dungeon Crawl Stone Soup version 0.21-a0-286-g6fcecc0 (webtiles) character file.

127516 aurelian the Severer (level 17, -3/158 HPs)
             Began as a Hill Orc Summoner on Sept 27, 2017.
             Was the Champion of Beogh.
             Killed from afar by Nikola (7 damage)
             ... with a chain lightning
             ... on level 4 of the Spider Nest on Sept 28, 2017.
             The game lasted 01:38:08 (34787 turns).

aurelian the Severer (Hill Orc Summoner)           Turns: 34787, Time: 01:38:09

Health: -3/158     AC: 35    Str: 23    XL:     17   Next: 1%
Magic:  25/27      EV: 14    Int: 16    God:    Beogh [******]
Gold:   1324       SH:  5    Dex: 16    Spells: 15/24 levels left

rFire    + . .     SeeInvis .   a - +5 battleaxe (venom)
rCold    + . .     Gourm    .   (shield currently unavailable)
rNeg     + . .     Faith    .   R - +6 gold dragon scales
rPois    +         Spirit   .   q - +2 helmet
rElec    .         Reflect  +   m - +1 cloak
rCorr    .         Harm     .   W - +0 pair of gloves of the Sparrow {rN+ Str+6}
MR       ++...                  V - +0 pair of boots
Stlth    ..........             K - +5 amulet of reflection
HPRegen  0.36/turn              O - ring of protection from magic
MPRegen  0.20/turn              L - +3 ring of slaying

@: agile, recalling
A: walk on water
a: Smiting, Stop Recall, Give Item to Named Follower, Resurrection, Renounce
Religion


You were on level 4 of the Spider Nest.
You worshipped Beogh.
Beogh was exalted by your worship.
You were not hungry.

You visited 4 branches of the dungeon, and saw 26 of its levels.

You collected 2172 gold pieces.
You spent 848 gold pieces at shops.

Inventory:

Hand Weapons
 a - a +5 battleaxe of venom (weapon)
 h - a +1 lajatang of speed
 i - a +0 mace
Missiles
 F - a throwing net (quivered)
Armour
 m - a +1 cloak (worn)
 q - a +2 helmet (worn)
 R - +6 gold dragon scales (worn)
 V - a +0 pair of boots (worn)
 W - the +0 pair of gloves of the Sparrow (worn) {rN+ Str+6}
   (You bought it in a shop on level 9 of the Dungeon)

   It affects your strength (+6).
   It protects you from negative energy.
Jewellery
 f - an uncursed ring of protection from fire
 x - an uncursed ring of see invisible
 I - the ring "Uquyq" {Ice rN+ MR+ Dex-4}
   (You found it on level 8 of the Dungeon)

   [ring of ice]

   It enhances your ice magic.
   It affects your dexterity (-4).
   It makes you vulnerable to fire.
   It protects you from cold.
   It protects you from negative energy.
   It affects your resistance to hostile enchantments.
 K - a +5 amulet of reflection (around neck)
 L - a +3 ring of slaying (right hand)
 O - a ring of protection from magic (left hand)
 Z - a +5 ring of intelligence
Wands
 d - a wand of paralysis (14/24)
 e - a wand of disintegration (2/24)
 w - a wand of clouds (3/9)
 D - a wand of scattershot (4/9)
 P - a wand of digging (11/24)
 T - a wand of iceblast (3/15)
 U - a wand of acid (6/15)
Scrolls
 n - a scroll of blinking
 p - 8 scrolls of remove curse
 r - 8 scrolls of immolation
 s - 2 scrolls of fear
 t - 3 scrolls of magic mapping
 u - 6 scrolls of teleportation
 B - 2 scrolls of recharging
 Q - 2 scrolls of fog
 Y - 15 scrolls of identify
Potions
 g - 2 potions of might
 k - a potion of agility
 o - a potion of ambrosia
 y - a potion of haste
 A - 2 potions of magic
 C - 2 potions of flight
 G - 3 potions of cancellation
 M - 2 potions of mutation
 N - a potion of invisibility
 S - 2 potions of heal wounds
 X - 13 potions of curing
Books
 b - a book of Callings

   Spells                             Type                      Level
   a - Summon Small Mammal            Summoning                    1
   b - Call Imp                       Summoning                    2
   c - Call Canine Familiar           Summoning                    3
   d - Summon Guardian Golem          Hexes/Summoning              3
   e - Summon Lightning Spire         Summoning/Air                4
   f - Summon Ice Beast               Ice/Summoning                4
 j - a book of Enchantments

   Spells                             Type                      Level
   a - Cause Fear                     Hexes                        4
   b - Yara's Violent Unravelling     Hexes/Transmutation          5
   c - Silence                        Hexes/Air                    5
   d - Deflect Missiles               Charms/Air                   6
   e - Discord                        Hexes                        8
 v - a book of Spatial Translocations

   Spells                             Type                      Level
   a - Blink                          Translocation                2
   b - Shroud of Golubria             Charms/Translocation         2
   c - Lesser Beckoning               Translocation                3
   d - Gell's Gravitas                Translocation                3
   e - Teleport Other                 Translocation                3
   f - Passage of Golubria            Translocation                4
 z - a book of Misfortune

   Spells                             Type                      Level
   a - Confusing Touch                Hexes                        1
   b - Confuse                        Hexes                        3
   c - Gell's Gravitas                Translocation                3
   d - Petrify                        Transmutation/Earth          4
   e - Metabolic Englaciation         Hexes/Ice                    5
   f - Yara's Violent Unravelling     Hexes/Transmutation          5
 E - a book of Debilitation

   Spells                             Type                      Level
   a - Corona                         Hexes                        1
   b - Slow                           Hexes                        2
   c - Inner Flame                    Hexes/Fire                   3
   d - Portal Projectile              Hexes/Translocation          3
   e - Cause Fear                     Hexes                        4
   f - Leda's Liquefaction            Hexes/Earth                  4
Comestibles
 c - 21 bread rations
 H - 11 meat rations


   Skills:
 + Level 16.1 Fighting
 - Level 20.1 Axes
 + Level 14.9 Armour
 - Level 7.4 Dodging
 - Level 1.5 Stealth
   Level 1.2 Shields
 - Level 4.0 Spellcasting
 - Level 5.1 Summonings
 + Level 14.1 Invocations


You had 15 spell levels left.
You knew the following spells:

 Your Spells              Type           Power        Failure   Level  Hunger
a - Summon Small Mammal   Summ           ###.         56%         1    None
b - Call Imp              Summ           ###.....     71%         2    ##.....
c - Call Canine Familiar  Summ           ###.....     90%         3    ###....
d - Spectral Weapon       Hex/Chrm       #.......     100%        3    ###....


Dungeon Overview and Level Annotations

Branches:
Dungeon (15/15)            Temple (0/1) D:6            Lair (6/6) D:8
 Shoals (1/4) Lair:4       Spider (4/4) Lair:3        Slime (0/5) Lair:5
    Orc (0/2) D:9          Vaults (0/5) D:14         Depths (0/5) D:15

Altars:
Ashenzari
Elyvilon
Nemelex Xobeh
Ru
Sif Muna
Trog
Uskayaw
Vehumet
Wu Jian
Xom
Yredelemnul
Zin
The Shining One
Beogh

Shops:
D:4 }   D:9 =[%}}   D:13 !

Annotations:
D:7 exclusion: upstairs
D:11 2 runed doors, exclusion: orange crystal statue
Lair:2 exclusion: oklob plant
Spider:4 Nikola


Message History

Unknown command.
You slash Nikola!
Nikola is poisoned.
Nikola is moderately wounded.
Nergalle is recalled.
Your orc knight is recalled.
Unknown command.
You slice Nikola!!
Nikola looks as sick as possible!
Nikola is heavily wounded.
Morun is recalled.
Your orc warrior is recalled.
Your orc knight roars a battlecry!
Your orcs go into a battle-frenzy!
Bogbarth hits Nikola with a +1 trident!!!
Nikola casts a spell.
You hear a mighty clap of thunder!
The lightning arc hits you!
* * * LOW HITPOINT WARNING * * *
The lightning arc hits you!
* * * LOW HITPOINT WARNING * * *
The lightning arc hits Morun.
The lightning arc hits your orc knight. The lightning arc hits you!
You die...

..................... ##.
.....................##^.
.....^...................
.........................
........<................
...................#.....
.##....$.†.......##......
##.<.ooo......###....^.
#...o@................
#^....o@o............^..
........................
##.......................
.....................†..
......$.................
#.#..................†††
####....................
.....................


You could see Nikola, the friendly Bogbarth the orc warlord, a friendly orc
knight, the friendly Borgun the orc knight, the friendly Morun the orc knight,
the friendly Nergalle and a friendly orc warrior.

Vanquished Creatures
  The ghost of alcopop the Thaumaturge, an adept OpIE of Vehumet (Spider:4)
  An emperor scorpion (Spider:1)
  Nessos (D:13)
  3 entropy weavers
  Fannar (D:10)
  Erolcha (D:12)
  2 hydras
  2 centaur warriors (D:13)
  An ice dragon (Lair:6)
  A catoblepas (D:14)
  A dancing weapon (D:14)
  8 two-headed ogres
  An ogre mage (D:11)
  A queen ant (Spider:1)
  A sea snake (Shoals:1)
  2 unseen horrors
  A wizard (D:15)
  Pikel (D:9)
  32 wolf spiders
  5 manticores
  3 ugly things
  2 fauns (Shoals:1)
  14 orb spiders
  2 cyclopes
  Joseph (Lair:1)
  5 black mambas
  3 moths of wrath
  A gargoyle (D:14)
  6 torpor snails
  3 elephants (Lair:3)
  2 rime drakes (Lair:6)
  8 spiny frogs
  A komodo dragon (shapeshifter) (D:15)
  A tengu conjurer (D:15)
  7 demonic crawlers
  4 komodo dragons
  4 yaktaurs (D:15)
  A queen bee (D:12)
  38 jumping spiders
  3 trolls (D:13)
  2 tyrant leeches (Lair:6)
  11 hornets
  A troll (shapeshifter) (D:15)
  Prince Ribbit (Lair:3)
  7 blink frogs
  5 hippogriffs
  57 redbacks
  2 spriggans
  29 yaks
  22 tarantellas
  A tarantella (shapeshifter) (D:13)
  10 wyverns
  The ghost of Sergey the Skirmisher, an amateur FoWn of Cheibriados (D:6)
  2 wraiths
  Grum (Lair:1)
  3 basilisks
  A hungry ghost (D:13)
  A vampire mosquito (D:12)
  19 soldier ants
  17 water moccasins
  14 porcupines
  10 ice beasts
  A slave (D:9)
  2 sky beasts
  4 black bears
  4 orc warriors
  12 centaurs
  5 wolves
  An eye of draining (D:14)
  A phantom (D:12)
  5 ogres
  10 crocodiles
  3 big kobolds
  2 gnoll sergeants (D:5)
  8 bullfrogs
  2 scorpions
  4 killer bees (D:12)
  4 howler monkeys
  An electric eel (Spider:2)
  8 crimson imps
  4 centaur zombies
  A bullfrog zombie (D:5)
  A bullfrog skeleton (D:9)
  8 centaur skeletons
  5 orc priests
  4 hounds
  3 iguanas
  6 orc wizards
  32 worker ants
  10 gnolls
  5 adders
  3 river rats (D:8)
  2 shadow imps
  A dart slug (D:1)
  6 leopard geckos
  27 orcs
  9 giant cockroaches
  14 jackals
  10 quokkas
  A ball python (D:3)
  7 bats
  2 frilled lizards (D:4)
  8 goblins
  13 kobolds
  A leopard gecko skeleton (D:6)
  A leopard gecko zombie (D:8)
  A quokka zombie (D:5)
  8 rats
  2 fungi (Lair:6)
  9 plants
674 creatures vanquished.

Vanquished Creatures (collateral kills)
  5 hydras
  2 centaur warriors
  A dancing weapon (D:14)
  3 two-headed ogres
  An ogre mage (D:15)
  A death yak (Lair:5)
  The ghost of Bunnehwyld the Grappler, a novice TrMo of Okawaru (D:9)
  Sonja (Lair:1)
  A lindwurm (Lair:6)
  3 deep elf magi
  A wizard (D:15)
  2 orc sorcerers (D:15)
  3 ugly things (D:15)
  A cyclops (D:13)
  A manticore (D:11)
  A wolf spider (Lair:6)
  2 merfolk sirens (Shoals:1)
  6 black mambas
  A guardian serpent (Lair:6)
  Maurice (D:9)
  10 spiny frogs
  A centaur skeleton (D:14)
  A torpor snail (Lair:6)
  2 rime drakes (Lair:4)
  6 komodo dragons
  A demonic crawler (Spider:3)
  2 tyrant leeches (Lair:6)
  4 hornets
  10 blink frogs
  Grinder (D:4)
  2 hippogriffs
  5 redbacks
  Sigmund (D:4)
  23 yaks
  A wraith (D:15)
  6 wyverns
  3 basilisks
  3 vampire mosquitoes (D:12)
  2 acid dragons
  10 water moccasins
  A soldier ant (D:14)
  7 porcupines
  A black bear (D:13)
  2 ice beasts (Lair:1)
  2 ogres (D:15)
  A phantom (D:11)
  2 centaurs (D:13)
  3 wolves
  4 crocodiles
  5 bullfrogs
  6 killer bees (D:12)
  2 howler monkeys
  A crimson imp (D:15)
  2 hounds
  4 centaur zombies
  2 iguanas
  Ijyb (D:5)
  2 worker ants
  Robin (D:2)
  4 gnolls (D:2)
  5 adders
  A worm (D:2)
  2 dart slugs
  2 leopard geckos (D:2)
  4 orcs
  3 ball pythons
  7 bats
  2 giant cockroaches (D:1)
  7 goblins (D:2)
  6 hobgoblins
  6 jackals
  2 frilled lizards
  6 kobolds
  3 rats
  9 fungi
  16 plants
266 creatures vanquished.

Vanquished Creatures (others)
  3 orc knights
  An orc sorcerer (D:12)
  A demonic crawler (Spider:4)
  An orc wizard (D:14)
  2 orc priests
  3 orc warriors
  3 slaves (D:9)
  An adder (D:10)
  8 orcs
  A kobold (D:3)
  4 fungi
  15 plants
43 creatures vanquished.

Grand Total: 983 creatures vanquished

Notes
Turn   | Place    | Note
-------+----------+-------------------------------------------
     0 | D:1      | aurelian the Hill Orc Summoner began the quest for the Orb.
     0 | D:1      | Reached XP level 1. HP: 14/14 MP: 3/3
    83 | D:1      | Reached skill level 1 in Fighting
   537 | D:1      | Reached XP level 2. HP: 15/23 MP: 1/4
   547 | D:1      | Learned a level 2 spell: Call Imp
  1194 | D:1      | Reached XP level 3. HP: 29/29 MP: 5/5
  1572 | D:2      | Reached skill level 1 in Axes
  1812 | D:2      | Reached skill level 2 in Axes
  2131 | D:2      | Noticed Robin
  2151 | D:2      | Reached XP level 4. HP: 33/36 MP: 4/6
  2155 | D:2      | Killed Robin
  2509 | D:2      | Found a shattered altar of Ashenzari.
  2856 | D:2      | Learned a level 3 spell: Call Canine Familiar
  2895 | D:2      | Found a radiant altar of Vehumet.
  2961 | D:2      | Reached skill level 3 in Axes
  3170 | D:3      | Reached skill level 1 in Shields
  3305 | D:3      | Reached XP level 5. HP: 41/41 MP: 2/7
  3824 | D:3      | Found a sparkling altar of Nemelex Xobeh.
  3933 | D:3      | Became a worshipper of Beogh the Brigand
  4062 | D:4      | Found Ubbetyda's Gadget Boutique.
  4124 | D:4      | Reached skill level 4 in Axes
  4212 | D:4      | Noticed Sigmund
  4252 | D:4      | Killed Sigmund
  4252 | D:4      | Reached skill level 5 in Summonings
  4252 | D:4      | Reached XP level 6. HP: 50/50 MP: 8/8
  4347 | D:4      | Reached skill level 5 in Axes
  4570 | D:4      | Reached skill level 1 in Armour
  4827 | D:4      | Noticed Grinder
  4856 | D:4      | Killed Grinder
  4856 | D:4      | Reached skill level 6 in Axes
  4856 | D:4      | Reached XP level 7. HP: 57/57 MP: 2/9
  5210 | D:5      | Entered Level 5 of the Dungeon
  5309 | D:5      | Noticed Ijyb
  5334 | D:5      | Killed Ijyb
  5559 | D:5      | Reached skill level 7 in Axes
  5848 | D:5      | Reached XP level 8. HP: 57/67 MP: 10/10
  6005 | D:5      | Reached skill level 8 in Axes
  6061 | D:5      | Reached * piety under Beogh
  6643 | D:6      | Noticed Sergey's ghost (amateur FoWn)
  6662 | D:6      | Killed Sergey's ghost
  6662 | D:6      | Reached skill level 5 in Fighting
  6662 | D:6      | Reached skill level 9 in Axes
  6902 | D:6      | Found a staircase to the Ecumenical Temple.
  7403 | D:6      | Found a basalt altar of Yredelemnul.
  7596 | D:6      | Reached skill level 5 in Armour
  7596 | D:6      | Reached XP level 9. HP: 61/75 MP: 11/11
  7988 | D:7      | Reached skill level 10 in Axes
  8539 | D:8      | Reached ** piety under Beogh
  8585 | D:8      | Noticed a death yak
  8587 | D:8      | Noticed a death yak
  8587 | D:8      | Found a staircase to the Lair.
  8588 | D:8      | Noticed a death yak
  9259 | D:8      | Found a glowing silver altar of Zin.
  9308 | D:8      | Reached skill level 11 in Axes
  9338 | D:8      | Noticed a hornet
  9403 | D:9      | Found Feuttael's Food Emporium.
  9407 | D:9      | Noticed a two-headed ogre
  9452 | Lair:1   | Entered Level 1 of the Lair of Beasts
  9557 | Lair:1   | Noticed a komodo dragon
  9591 | Lair:1   | Killed a komodo dragon
  9846 | Lair:1   | Reached skill level 12 in Axes
  9846 | Lair:1   | Reached XP level 10. HP: 56/88 MP: 12/12
  9847 | Lair:1   | Noticed Grum
 10059 | Lair:1   | Noticed a five-headed hydra
 10130 | D:8      | Got a translucent marble ring
 10131 | D:8      | Identified the ring "Uquyq" {Ice rN+ MR+ Dex-4} (You found it on level 8 of the Dungeon)
 10142 | D:8      | Found a hide-covered altar of Uskayaw.
 10373 | D:8      | Found a deep blue altar of Sif Muna.
 10842 | D:9      | Reached *** piety under Beogh
 10878 | D:9      | Noticed Pikel
 10902 | D:9      | Killed Pikel
 10902 | D:9      | Reached skill level 13 in Axes
 10919 | D:9      | Found an ornate altar of the Wu Jian Council.
 10965 | D:9      | Found Emorant's Gadget Shop.
 10980 | D:9      | Bought a wand of iceblast (4/15) for 120 gold pieces
 11009 | D:9      | Noticed Bunnehwyld's ghost (novice TrMo)
 11011 | D:9      | Noticed Maurice
 11427 | D:9      | Found a shimmering altar of Xom.
 11428 | D:9      | Found a glowing golden altar of the Shining One.
 11428 | D:9      | Found a white marble altar of Elyvilon.
 11429 | D:9      | Found a sacrificial altar of Ru.
 11784 | D:8      | Killed a two-headed ogre
 12015 | D:9      | Found a bloodstained altar of Trog.
 12480 | D:9      | Found a roughly hewn altar of Beogh.
 12480 | D:9      | Found a staircase to the Orcish Mines.
 13072 | D:9      | Found Jicrewki's Jewellery Shop.
 13081 | D:9      | Noticed a manticore
 13096 | D:9      | Killed a manticore
 13096 | D:9      | Reached skill level 14 in Axes
 13209 | D:9      | Found a deep blue altar of Sif Muna.
 13258 | D:9      | Found Ruxim's Antique Armour Shoppe.
 13266 | D:9      | Bought a pair of jewelled gloves for 247 gold pieces
 13267 | D:9      | Identified the +0 pair of gloves of the Sparrow {rN+ Str+6} (You bought it in a shop on level 9 of the Dungeon)
 13343 | D:9      | Killed Maurice
 13343 | D:9      | Reached XP level 11. HP: 96/97 MP: 13/13
 13358 | D:9      | Found Jonaecai's Gadget Boutique.
 13403 | D:10     | Entered Level 10 of the Dungeon
 13744 | D:10     | Noticed Fannar
 13767 | D:10     | Killed Fannar
 13775 | D:10     | Identified a scroll of acquirement
 13876 | D:10     | Learned a level 3 spell: Spectral Weapon
 13887 | D:10     | You fall through a shaft for 3 floors!
 13887 | D:13     | Noticed a cyclops
 13898 | D:13     | Killed a cyclops
 13911 | D:13     | Reached skill level 15 in Axes
 14000 | D:13     | Noticed a cyan ugly thing
 14002 | D:13     | Noticed a manticore
 14002 | D:13     | Noticed Nessos
 14156 | D:13     | Reached skill level 10 in Fighting
 14160 | D:13     | Killed Nessos
 14160 | D:13     | Reached **** piety under Beogh
 14448 | D:13     | Noticed a centaur warrior
 14464 | D:13     | Killed a manticore
 14465 | D:13     | Killed a centaur warrior
 14709 | D:13     | Killed a cyan ugly thing
 14709 | D:13     | Reached skill level 16 in Axes
 14791 | D:12     | Noticed a cyclops
 14795 | D:12     | Noticed a two-headed ogre
 14802 | D:12     | Killed a cyclops
 14802 | D:12     | Reached XP level 12. HP: 95/108 MP: 13/15
 14808 | D:12     | Killed a two-headed ogre
 15281 | D:11     | Reached skill level 10 in Armour
 15447 | D:11     | Identified the cursed +1 chain mail "Lefrecik" {rF- rC+ Dex+3} (You found it on level 11 of the Dungeon)
 15460 | D:11     | Noticed an ogre mage
 15460 | D:11     | Noticed a two-headed ogre
 15461 | D:11     | Noticed a two-headed ogre
 15461 | D:11     | Noticed a two-headed ogre
 15477 | D:11     | Killed an ogre mage
 15486 | D:11     | Killed a two-headed ogre
 15499 | D:11     | Killed a two-headed ogre
 15507 | D:11     | Killed a two-headed ogre
 15532 | D:11     | Noticed a two-headed ogre
 15546 | D:11     | Killed a two-headed ogre
 15552 | D:11     | Noticed a two-headed ogre
 15837 | D:11     | Killed a two-headed ogre
 15907 | D:11     | Found a runed door.
 15948 | D:11     | Found a runed door.
 16059 | D:11     | Found the +10 large shield of Ignorance {rN+ Int-4}
 16800 | D:12     | Noticed Erolcha
 16812 | D:12     | Killed Erolcha
 16812 | D:12     | Reached skill level 1 in Invocations
 16869 | D:12     | Noticed a two-headed ogre
 16875 | D:12     | Killed a two-headed ogre
 17420 | D:12     | Gained Berold as an ally
 17596 | D:13     | Found Kajoibbu's Distillery.
 17604 | D:13     | Bought 2 potions of curing for 78 gold pieces
 17604 | D:13     | Bought a potion of degeneration for 13 gold pieces
 17604 | D:13     | Bought a potion of might for 52 gold pieces
 17604 | D:13     | Bought a potion of agility for 52 gold pieces
 17604 | D:13     | Bought a potion of agility for 52 gold pieces
 17604 | D:13     | Bought a potion of ambrosia for 104 gold pieces
 17604 | D:13     | Bought a potion of haste for 130 gold pieces
 17736 | D:13     | Noticed a centaur warrior
 17745 | D:13     | Killed a centaur warrior
 17745 | D:13     | Reached XP level 13. HP: 91/118 MP: 18/18
 17864 | D:9      | Killed Bunnehwyld's ghost
 18004 | D:13     | Reached skill level 5 in Invocations
 18326 | D:14     | Reached ***** piety under Beogh
 18462 | D:14     | Found a gate to the Vaults.
 18775 | D:15     | Entered Level 15 of the Dungeon
 18870 | D:15     | Reached skill level 5 in Dodging
 19315 | D:15     | Reached skill level 17 in Axes
 20080 | D:15     | Reached XP level 14. HP: 76/127 MP: 20/20
 20092 | D:15     | Found a staircase to the Depths.
 21143 | Lair:1   | Noticed Sonja
 21148 | Lair:1   | Noticed Nergalle
 21148 | Lair:1   | Killed Sonja
 21310 | Lair:1   | Gained Borgun as an ally
 21350 | Lair:1   | Noticed Joseph
 21360 | Lair:1   | Killed Joseph
 21511 | Lair:1   | Killed Grum
 21936 | Lair:2   | Reached skill level 18 in Axes
 22275 | Lair:2   | Reached ****** piety under Beogh
 22282 | Lair:2   | Gained Gorbash as an ally
 22745 | Lair:2   | Gained Bogbarth as an ally
 22953 | Lair:3   | Found a hole to the Spider Nest.
 23022 | Lair:3   | Noticed Prince Ribbit
 23025 | Lair:3   | Killed Prince Ribbit
 23165 | Lair:3   | Your ally Berold died
 23402 | Lair:3   | Reached skill level 10 in Invocations
 24297 | Lair:4   | Found a staircase to the Shoals.
 25415 | Lair:5   | Found a staircase to the Slime Pits.
 25832 | Lair:6   | Entered Level 6 of the Lair of Beasts
 25839 | Lair:6   | Reached XP level 15. HP: 123/137 MP: 19/22
 25981 | Lair:6   | Gained Morun as an ally
 26077 | Lair:6   | Reached skill level 19 in Axes
 26105 | Lair:6   | Your ally Gorbash died
 26326 | Lair:6   | Found a runed door.
 26347 | Lair:6   | Paralysed by a hornet for 2 turns
 26450 | Lair:6   | Paralysed by a hornet for 1 turns
 27787 | Shoals:1 | Entered Level 1 of the Shoals
 28128 | Spider:1 | Entered Level 1 of the Spider Nest
 29153 | Spider:1 | Reached skill level 20 in Axes
 29719 | Spider:1 | Identified the +0 ring mail of Imperfection {+Blink rElec rCorr Dex-5} (You found it on level 1 of the Spider Nest)
 29832 | Spider:2 | Noticed an emperor scorpion
 29853 | Spider:1 | Killed an emperor scorpion
 29853 | Spider:1 | Reached XP level 16. HP: 100/147 MP: 24/24
 30567 | Spider:2 | Reached skill level 15 in Fighting
 30856 | Spider:2 | Gained Morbeogh as an ally
 30862 | Spider:2 | Your ally Morbeogh died
 33152 | Spider:3 | Gained Garbold as an ally
 34191 | Spider:4 | Entered Level 4 of the Spider Nest
 34227 | Spider:4 | Noticed alcopop's ghost (adept OpIE)
 34250 | Spider:4 | Killed alcopop's ghost
 34451 | Spider:3 | Gained Zartorak as an ally
 34748 | Spider:4 | Reached XP level 17. HP: 150/158 MP: 27/27
 34764 | Spider:4 | Noticed Nikola
 34787 | Spider:4 | HP: 4/158 [Nikola/chain lightning (23)]
 34787 | Spider:4 | Killed from afar by Nikola

Vault maps used:
D:1:      zaba_arrival_water
D:2:      lemuel_coloured_pillars_altar, old_standard_altar,
          minmay_pentomino_o2, uniq_robin
D:3:      lemuel_doored_altar, first_bread, grunt_decor_cap,
          minmay_shallow_snake_nest
D:4:      minmay_wonky_spiral, serial_shops, nicolae_shop_stone, uniq_sigmund,
          uniq_grinder
D:5:      minivault_4, minmay_misc_feat_iff, uniq_ijyb
D:6:      lemuel_round_altar, minmay_temple_entry_statues
D:7:      the_bakery
D:8:      kennysheep_little_box, eat_drink_and_be_merry_uskayaw,
          dpeg_lair_monsters, minmay_misc_feat_rugged, led_sif_pool
D:9:      kennysheep_mini, nicolae_overflow_crystal_walls,
          chequers_temple_overflow_statue_of_worship, trog_ov_bears_minmay,
          david_orc_5, serial_shops, shop, shop, nicolae_shop_window_shopping,
          shop_coins, shop, uniq_pikel, uniq_maurice
D:10:     uniq_fannar
D:11:     lemuel_ice_spiral_2, minivault_27, chequers_guarded_unrand_ignorance
D:12:     minmay_misc_feat_roman, nicolae_looking_at_the_future, uniq_erolcha
D:13:     serial_shops, shop, uniq_nessos
D:14:     erik_vaults_1
D:15:     grunt_enter_depths_magical_seal, nicolae_wwwww, st_stairs_6
Lair:1:   portal_ice_cave_entry_ice_beasts, uniq_grum, uniq_sonja,
          uniq_nergalle, uniq_joseph
Lair:2:   cheibrodos_lair_river_kwai, minmay_lair_oklob_chamber,
          grunt_megastairs_4
Lair:3:   spider_nest_entry_webs, beast_lair_carwin_7, uniq_prince_ribbit2
Lair:4:   elwin_shoals_entry_rocks
Lair:5:   dpeg_slime_entry_corner, hangedman_lair_generics_rect,
          grunt_megastairs_3
Lair:6:   hangedman_lair_tendril_chambers, wormcave, serial_bayou_pond_b,
          grunt_forest_large_clearing_hut
Spider:1: spider_trap
Spider:2: zaba_anthell
Spider:4: floodkiller_spider_rune_tomb, nicolae_crawler_farm, uniq_nikola

Skill      XL: |  1  2  3  4  5  6  7  8  9 10 11 12 13 14 15 16 |
---------------+-------------------------------------------------+-----
Fighting       | 1 2 3 4 5 7 9 10 12 13 14 16 | 16.1
Dodging        | 2 4 5 6 7 |  7.4
Axes           | 2 3 4 6 7 9 12 14 16 17 18 20 | 20.1
Shields        | 1 |  1.2
Summonings     | 5 |  5.1
Armour         | 2 3 5 6 8 9 10 11 12 13 14 | 14.9
Spellcasting   | 2 3 4 |  4.0
Invocations    | 4 8 10 11 14 | 14.1
Stealth        | |  1.5

Action                   |  1- 3 |  4- 6 |  7- 9 | 10-12 | 13-15 | 16-18 || total
-------------------------+-------+-------+-------+-------+-------+-------++-------
Melee: Unarmed           |     8 |       |       |       |       |       ||     8
       Hand axe          |    18 |    41 |       |   431 |       |       ||   490
       Mace              |    10 |       |       |       |    17 |       ||    27
       Short sword       |     9 |       |       |       |       |       ||     9
       War axe           |       |    97 |   312 |   119 |       |       ||   528
       Battleaxe         |       |       |       |    63 |   796 |   406 ||  1265
Throw: Stone             |       |       |       |     6 |       |       ||     6
 Cast: Summon Small Mamm |    47 |     1 |       |       |       |       ||    48
       Call Imp          |    23 |    58 |    10 |    10 |       |       ||   101
       Call Canine Famil |       |     8 |     5 |     5 |       |       ||    18
Invok: Convert to Beogh  |       |     1 |       |       |       |       ||     1
       Recall Orcish Fol |       |       |       |     4 |     8 |     2 ||    14
       Give Item to Name |       |       |       |       |     3 |       ||     3
Evoke: Wand              |       |       |     1 |     2 |     2 |     1 ||     6
  Use: Scroll            |       |       |    24 |    14 |    15 |     6 ||    59
       Potion            |       |       |     4 |     2 |     3 |     3 ||    12
 Stab: Sleeping          |       |     1 |       |       |       |       ||     1
       Invisible         |       |       |     3 |       |       |       ||     3
       Distracted        |       |       |       |     4 |     6 |       ||    10
  Eat: Chunk             |     6 |    15 |    15 |    20 |    28 |     4 ||    88
       Fruit             |       |       |     3 |     7 |     3 |     1 ||    14
       Royal jelly       |       |       |       |     1 |     2 |     6 ||     9
       Meat ration       |       |       |       |       |     1 |       ||     1
Armor: Robe              |    26 |    40 |       |       |       |       ||    66
       Ring mail         |       |    27 |   153 |    35 |       |       ||   215
       Plate armour      |       |       |       |   308 |   395 |       ||   703
       Gold dragon scale |       |       |       |       |   127 |   571 ||   698
Dodge: Dodged            |    59 |   112 |   205 |   168 |   283 |   207 ||  1034
Block: Other             |       |       |     8 |   100 |   164 |   110 ||   382
       Reflection        |       |       |       |     8 |     7 |       ||    15

Table legend:
 A = Spawn XP
 B = Non-spawn XP
 C = Spawn XP percentage of total XP
 D = Spawn monster count
 E = Non-spawn monster count
 F = Spawn count percentage of total count
 G = Total turns spent on level
                    A         B        C        D         E        F      G
               +---------+---------+-------+---------+---------+-------+---------
         Total |       0 |  182166 |   0.0 |       0 |     904 |   0.0 | 34787
               +---------+---------+-------+---------+---------+-------+---------
           D:1 |       0 |      45 |   0.0 |       0 |      30 |   0.0 |  1730
           D:2 |       0 |     109 |   0.0 |       0 |      41 |   0.0 |  1432
           D:3 |       0 |      50 |   0.0 |       0 |      26 |   0.0 |   859
           D:4 |       0 |     545 |   0.0 |       0 |      21 |   0.0 |  1240
           D:5 |       0 |     710 |   0.0 |       0 |      28 |   0.0 |  1215
           D:6 |       0 |     949 |   0.0 |       0 |      21 |   0.0 |  1724
           D:7 |       0 |     587 |   0.0 |       0 |       8 |   0.0 |   894
           D:8 |       0 |    2150 |   0.0 |       0 |      36 |   0.0 |  2351
           D:9 |       0 |    3111 |   0.0 |       0 |      33 |   0.0 |  1483
          D:10 |       0 |    1789 |   0.0 |       0 |      15 |   0.0 |  1100
          D:11 |       0 |    7245 |   0.0 |       0 |      23 |   0.0 |  1444
          D:12 |       0 |    5880 |   0.0 |       0 |      35 |   0.0 |   980
          D:13 |       0 |   10231 |   0.0 |       0 |      34 |   0.0 |  1430
          D:14 |       0 |    5780 |   0.0 |       0 |      16 |   0.0 |   473
          D:15 |       0 |   16392 |   0.0 |       0 |      46 |   0.0 |  1942
        Lair:1 |       0 |    8504 |   0.0 |       0 |      53 |   0.0 |  1624
        Lair:2 |       0 |    6535 |   0.0 |       0 |      33 |   0.0 |  1104
        Lair:3 |       0 |    7861 |   0.0 |       0 |      45 |   0.0 |  1142
        Lair:4 |       0 |    3617 |   0.0 |       0 |      21 |   0.0 |   901
        Lair:5 |       0 |    3852 |   0.0 |       0 |      13 |   0.0 |  1170
        Lair:6 |       0 |   20649 |   0.0 |       0 |      88 |   0.0 |  1719
      Shoals:1 |       0 |    2399 |   0.0 |       0 |       6 |   0.0 |   256
      Spider:1 |       0 |   26784 |   0.0 |       0 |      68 |   0.0 |  3229
      Spider:2 |       0 |   20965 |   0.0 |       0 |      86 |   0.0 |  1663
      Spider:3 |       0 |   15918 |   0.0 |       0 |      53 |   0.0 |  1432
      Spider:4 |       0 |    9509 |   0.0 |       0 |      25 |   0.0 |   250
               +---------+---------+-------+---------+---------+-------+---------
